 Dungeon Crawl Stone Soup version 0.28.0-1-gb440e238dd (webtiles) character file.

Game seed: 8968665146520130870

2231 spaghetti the Cleaver (level 9, -3/62 HPs)
             Began as an Octopode Delver on Feb 20, 2022.
             Slain by a centaur warrior zombie (8 damage)
             ... on level 10 of the Dungeon.
             The game lasted 00:09:57 (6132 turns).

spaghetti the Cleaver (Octopode Delver)             Turns: 6132, Time: 00:09:58

Health: -3/62      AC:  3    Str: 11    XL:     9   Next: 36%
Magic:  9/9        EV: 13    Int: 10    God:
Gold:   345        SH:  5    Dex: 18    Spells: 8/8 levels left

rFire   . . .      SeeInvis .   a - +1 hand axe
rCold   . . .      Faith    +   p - +1 buckler
rNeg    . . .      Spirit   .   (helmet restricted)
rPois   .          Reflect  .   o - amulet of Butchery {Faith rCorr}
rElec   .          Harm     .   (no ring)
rCorr   +          Rampage  .   (no ring)
Will    +....                   (no ring)
Stlth   +++++.....              (no ring)
HPRegen 0.20/turn               (no ring)
MPRegen 0.11/turn               (no ring)
                                (no ring)
                                (no ring)

@: no status effects
A: almost no armour, amphibious, 8 rings, camouflage 1, gelatinous body 1,
(nimble swimmer 1), tentacles, tentacle spike 1, iridescent scales 1, dopey 1,
strong-willed 1, robust 1, noise suppression
a: no special abilities


You were on level 10 of the Dungeon.
You visited 1 branch of the dungeon, and saw 10 of its levels.

You collected 378 gold pieces.
You spent 33 gold pieces at shops.

Inventory:

Hand Weapons
 a - a +1 hand axe (weapon)
 k - a +0 hand crossbow
Armour
 p - a +1 buckler (worn)
Jewellery
 g - an amulet of guardian spirit
 o - the amulet of Butchery (around mantle) {Faith rCorr}
   (You found it on level 2 of the Dungeon)

   [amulet of faith]

   It allows you to gain divine favour quickly.
   rCorr:     It protects you from acid and corrosion.
Wands
 f - a wand of digging (3)
Scrolls
 b - 2 scrolls of fog
 c - a scroll of magic mapping
 d - 3 scrolls of fear
 i - 5 scrolls of identify
 n - a scroll of teleportation
Potions
 j - a potion of flight
 l - a potion of degeneration


   Skills:
 - Level 3.3 Fighting
 - Level 10.9(11.1) Axes
 + Level 2.9(7.5) Maces & Flails
 - Level 2.4 Dodging
 - Level 7.0 Stealth
 - Level 4.0 Evocations


You had 8 spell levels left.
You didn't know any spells.
Your spell library contained the following spells:

 Spells                   Type           Power      Damage    Failure   Level
 Ensorcelled Hibernation  Hex/Ice        0%         N/A       61%         2
 Passwall                 Tmut/Erth      0%         N/A       61%         2
 Sublimation of Blood     Necr           0%         N/A       61%         2
 Wereblood                Tmut           0%         N/A       61%         2
 Swiftness                Air            0%         N/A       83%         3
 Summon Lightning Spire   Summ/Air       0%         N/A       99%         4
 Storm Form               Tmut/Air       0%         N/A       100%        7
 Summon Hydra             Summ           0%         N/A       100%        7
 Maxwell's Capacitive Co  Air            0%         ∞         100%        8


Dungeon Overview and Level Annotations

Branches:
Dungeon (11/15)
 Temple: D:4-7         Lair: D:8-11         Orc: D:9-12

Altars:
Hepliaklqana

Shops:
D:3 !

Annotations:
D:9 exclusion: hydra
D:10 exclusions: door and two-headed ogre


Innate Abilities, Weirdness & Mutations

You cannot wear most types of armour.
You are amphibious.
You can wear up to eight rings at the same time.
Your skin changes colour to match your surroundings (Stealth+).
Your rubbery body absorbs attacks. (AC +1, EV +1)
((You are camouflaged when in or above water. (Stealth+)))
You have tentacles for arms and can constrict up to eight enemies at once.
One of your tentacles bears a spike.
You are partially covered in iridescent scales. (AC +2)
You are dopey. (Int -2)
You are strong-willed. (Will+)
You are robust. (+10% HP)
You passively dampen the noise of your surroundings.


Message History

You assume a fearsome visage.
The gnoll sergeant looks frightened!
The gnoll looks frightened! x2
The centaur warrior zombie is unaffected.
The centaur warrior zombie hits you! The centaur warrior zombie kicks you.
You hit the centaur warrior zombie.
Your tentacle spike misses the centaur warrior zombie.
The centaur warrior zombie is lightly damaged.
The centaur warrior zombie barely misses you.
The centaur warrior zombie kicks you.
You hit the centaur warrior zombie but do no damage.
You pierce the centaur warrior zombie.
The centaur warrior zombie is lightly damaged.
The centaur warrior zombie hits you but does no damage.
The centaur warrior zombie misses you.
You hit the centaur warrior zombie. You squeeze the centaur warrior zombie.
The centaur warrior zombie is moderately damaged.
The centaur warrior zombie misses you. The centaur warrior zombie kicks you.
* * * LOW HITPOINT WARNING * * *
Okay, then.
You slash the centaur warrior zombie!
You pierce the centaur warrior zombie.
Your squeeze misses the centaur warrior zombie.
The centaur warrior zombie is heavily damaged.
You block the centaur warrior zombie's attack. x2
You slash the centaur warrior zombie!
You pierce the centaur warrior zombie.
The centaur warrior zombie is heavily damaged.
The centaur warrior zombie hits you but does no damage.
The centaur warrior zombie kicks you.
* * * LOW HITPOINT WARNING * * *
Okay, then.
You hit the centaur warrior zombie.
You pierce the centaur warrior zombie.
The centaur warrior zombie is severely damaged.
The centaur warrior zombie hits you!
* * * LOW HITPOINT WARNING * * *
The centaur warrior zombie closely misses you.
Cornered, the gnoll turns to fight!
You hit the centaur warrior zombie.
You pierce the centaur warrior zombie, but do no damage.
The centaur warrior zombie is severely damaged.
The centaur warrior zombie hits you!
You die...

########
#......#
#.####.#
#.# #@#
#.# #Z#
#.# #.#
#.# #.#
#.# #.#
#.# #.#
########.#
#.#
#........#
#g#
#.########
#.#


You could see a gnoll and a centaur warrior zombie.

Vanquished Creatures
  Pikel (D:7)
  A gargoyle (D:10)
  Psyche (D:9)
  A steam dragon (D:7)
  A hornet zombie (D:7)
  An ice beast (D:7)
  An orc warrior (D:7)
  2 elf zombies (D:7)
  3 elf skeletons (D:7)
  2 howler monkeys (D:10)
  A centaur zombie (D:7)
  A human zombie (D:7)
  A hound (D:7)
  A jelly (D:7)
  Jessica (D:3)
  Natasha (D:3)
  An iguana (D:7)
  An orc wizard (D:4)
  3 human skeletons (D:7)
  2 hound skeletons
  A hound zombie (D:3)
  2 adders
  A howler monkey skeleton (D:4)
  2 ufetubi
  2 adder skeletons (D:3)
  2 worms (D:2)
  A dart slug (D:3)
  8 orcs
  4 ball pythons
  2 endoplasms
  5 giant cockroaches
  3 goblins
  A hobgoblin (D:2)
  4 jackals (D:4)
  3 quokkas
  A ball python zombie (D:3)
  4 bats
  A frilled lizard (D:3)
  5 kobolds
  2 orc skeletons (D:7)
  A rat (D:2)
82 creatures vanquished.

Vanquished Creatures (others)
  2 withered plants (D:3)
2 creatures vanquished.

Grand Total: 84 creatures vanquished

Notes
Turn   | Place    | Note
-------+----------+-------------------------------------------
     0 | D:5      | spaghetti the Octopode Delver began the quest for the Orb.
     0 | D:5      | Reached XP level 1. HP: 16/16 MP: 1/1
     5 | D:5      | Noticed an iguana
    30 | D:4      | Reached XP level 2. HP: 21/21 MP: 2/2
    86 | D:4      | Reached XP level 3. HP: 21/26 MP: 3/3
   504 | D:3      | Reached skill level 3 in Axes
   643 | D:3      | Noticed Jessica
   644 | D:3      | Found a faded altar of an unknown god.
   646 | D:3      | Gained mutation: You are dopey. (Int -2) [potion of
                  | mutation]
   646 | D:3      | Gained mutation: You have hidden genetic potential. [potion
                  | of mutation]
   646 | D:3      | Gained mutation: You have great hidden genetic potential.
                  | [potion of mutation]
   646 | D:3      | Gained mutation: You are strong-willed. (Will+) [potion of
                  | mutation]
   648 | D:3      | Killed Jessica
   649 | D:3      | Reached XP level 4. HP: 31/31 MP: 4/4
   651 | D:3      | Found a hazy altar of Hepliaklqana.
   760 | D:3      | Noticed Natasha
   766 | D:3      | Killed Natasha
   767 | D:3      | Reached skill level 4 in Axes
   794 | D:3      | Gained mutation: You are partially covered in iridescent
                  | scales. (AC +2) [hidden potential]
   803 | D:3      | Found a faded altar of an unknown god.
   906 | D:3      | Reached XP level 5. HP: 25/36 MP: 5/5
  1096 | D:3      | Found Loisielu's Distillery.
  1104 | D:3      | Bought a potion of curing for 33 gold pieces
  1491 | D:2      | Gained mutation: You passively dampen the noise of your
                  | surroundings. [hidden potential]
  1491 | D:2      | Lost mutation: You have great hidden genetic potential.
                  | [hidden potential expressed]
  1942 | D:2      | Reached skill level 5 in Axes
  2035 | D:2      | Identified the amulet of Butchery {Faith rCorr}
  2479 | D:4      | You fall into a shaft and drop 3 floors!
  2516 | D:7      | Noticed a lemure
  2516 | D:7      | Noticed a lemure
  2610 | D:8      | Noticed a two-headed ogre
  2635 | D:7      | Noticed an ice beast
  2648 | D:7      | Killed an ice beast
  2649 | D:7      | Reached skill level 6 in Axes
  2649 | D:7      | Reached XP level 6. HP: 12/42 MP: 6/6
  2662 | D:7      | Gained mutation: One of your tentacles bears a spike.
                  | [hidden potential]
  3029 | D:7      | Reached XP level 7. HP: 43/46 MP: 7/7
  3058 | D:7      | Noticed Pikel
  3444 | D:7      | Killed Pikel
  3445 | D:7      | Reached skill level 8 in Axes
  3445 | D:7      | Reached XP level 8. HP: 9/52 MP: 8/8
  3445 | D:7      | Gained mutation: You are robust. (+10% HP) [hidden
                  | potential]
  3445 | D:7      | Lost mutation: You have hidden genetic potential. [hidden
                  | potential expressed]
  3824 | D:7      | Reached skill level 9 in Axes
  4029 | D:7      | Reached skill level 10 in Axes
  5300 | D:9      | Noticed a seven-headed hydra
  5373 | D:9      | Noticed Psyche
  5377 | D:9      | Noticed a wyvern
  5384 | D:9      | You fall into a shaft and drop 1 floor!
  5384 | D:10     | Entered Level 10 of the Dungeon
  5391 | D:10     | Reached XP level 9. HP: 53/62 MP: 9/9
  5397 | D:10     | Noticed a gargoyle
  5420 | D:10     | Noticed a two-headed ogre
  5587 | D:9      | Killed Psyche
  5611 | D:10     | HP: 1/62 [gargoyle (7)]
  5617 | D:10     | Killed a gargoyle
  5965 | D:11     | Noticed a two-headed ogre
  6004 | D:10     | Noticed a troll
  6132 | D:10     | Slain by a centaur warrior zombie

Illustrated notes

Levels and vault maps discovered:
D:2:      layout_loops_ring, grunt_ministairs_7
D:3:      layout_loops_ring, beargit_hepliaklqana_dungeon_heroes, serial_undead,
          serial_undead_b, serial_undead_d, serial_undead_f, serial_undead_a,
          serial_shops, nicolae_diamond_shop,
          dreamdust_ecumenical_altar_angels_and_demons, item_on_display_b,
          uniq_natasha
D:4:      layout_cave_pools, serial_shops, kennysheep_mini_moat, st_stairs_11,
          chequers_serial_rivers_large_b, lexackson_kobold_supper
D:5:      layout_cave_pools, minmay_temple_entry_enclosed_plants,
          minmay_crystal_room, uniq_eustachio, uniq_menkaure
D:6:      layout_cave_pools
D:7:      layout_loops_ring, nicolae_ossuary_entry_catacombs, uniq_pikel
D:8:      layout_rooms, mainiacjoe_overflow_24_doors,
          hellmonk_ghost_happy_afterlife
D:9:      layout_loops_cross, nicolae_fountain_basement, uniq_psyche
D:10:     layout_basic, orc_0_dummy
D:11:     layout_rooms, dpeg_oklobed_lair

Skill      XL: |  1  2  3  4  5  6  7  8  9 |
---------------+----------------------------+-----
Stealth        | 7 |  7.0
Axes           | 3 4 6 8 10 | 10.9
Evocations     | 4 |  4.0
Maces & Flails | 2 |  2.9
Fighting       | |  3.3
Dodging        | |  2.4

Action                   |  1- 3 |  4- 6 |  7- 9 || total
-------------------------+-------+-------+-------++-------
Melee: Hand axe          |    29 |   107 |   131 ||   267
       Tentacles         |     6 |    15 |    45 ||    66
       Constrict         |     7 |    24 |    23 ||    54
       Punch             |       |     3 |     4 ||     7
       Kick              |       |     8 |    66 ||    74
Evoke: Wand              |       |       |    11 ||    11
  Use: Potion            |     2 |     3 |     7 ||    12
       Scroll            |     1 |     4 |     3 ||     8
 Stab: Sleeping          |     4 |    16 |    12 ||    32
       Distracted        |     1 |     1 |       ||     2
       Invisible         |       |       |     1 ||     1
Armor: Skin              |     4 |    26 |    14 ||    44
Dodge: Dodged            |    21 |    71 |    64 ||   156
Block: Buckler           |       |    19 |    17 ||    36
